Map: Jagannatha LE

Players

Rob

  • Race: Protoss Protoss

Namshar - Winner!

  • Race: Zerg Zerg

Event: DreamHack SC2 Masters 2021 Fall

VOD

Have the link to the VOD?

Description

Time

  • Played on: Aug. 6, 2021, 5:18 p.m.
  • Length: 9:19

All games in this series

Show
View Real Time Build Order
Export as new Build Order

Rob Protoss 

Build Orders: 1 Gate Expand, Zealot Archon, Dark Templar Rush 

Get SALT Encoding   

  12  0:00  Probe  
  13  0:12  Probe  
  14  0:18  Pylon  
  14  0:24  Probe  
  15  0:37  Probe (Chrono Boost)  
  16  0:46  Gateway, Probe (Chrono Boost)  
  17  0:51  Probe (Chrono Boost)  
  17  0:55  Assimilator  
  18  1:03  Probe  
  19  1:15  Probe  
  20  1:23  Nexus  
  20  1:28  Probe (Chrono Boost)  
  21  1:37  Cybernetics Core  
  21  1:39  Probe (Chrono Boost)  
  22  1:48  Probe  
  22  1:49  Assimilator  
  23  1:54  Pylon  
  23  2:11  Stalker (Chrono Boost)  
  23  2:12  Probe  
  26  2:17  Warp Gate  
  26  2:24  Probe  
  26  2:33  Gateway  
  26  2:35  Twilight Council  
  26  2:36  Probe  
  27  2:40  Probe (Chrono Boost)  
  29  2:52  Probe (Chrono Boost)  
  29  2:53  Probe (Chrono Boost)  
  29  2:55  Robotics Facility  
  30  3:00  Probe (Chrono Boost)  
  30  3:03  Probe (Chrono Boost)  
  32  3:06  Probe (Chrono Boost)  
  32  3:10  Adept  
  35  3:18  Probe (Chrono Boost)  
  35  3:19  Probe (Chrono Boost)  
  37  3:22  Dark Shrine  
  37  3:24  Probe (Chrono Boost)  
  37  3:26  Probe (Chrono Boost)  
  39  3:32  Probe  
  40  3:37  Probe  
  41  3:42  Gateway  
  41  3:43  Gateway  
  41  3:46  Warp Prism (Chrono Boost)  
  41  3:52  Probe  
  41  3:55  Probe  
  45  3:58  Assimilator  
  45  4:00  Assimilator  
  45  4:02  Pylon  
  45  4:07  Probe  
  46  4:11  Pylon  
  46  4:18  Warp Prism (Chrono Boost)  
  46  4:20  Probe  
  46  4:22  Probe  
  50  4:32  Probe  
  50  4:34  Probe  
  52  4:41  Dark Templar x2  
  52  4:42  Dark Templar x2  
  60  4:47  Pylon  
  60  4:56  Pylon  
  60  4:58  Probe  
  51  5:15  Probe x2  
  51  5:19  Dark Templar x2  
  51  5:20  Dark Templar  
  58  5:22  Adept  
  58  5:27  Probe x2  
  60  5:42  Adept  
  57  5:47  Probe x2  
  55  5:59  Probe x2  
  55  6:00  Dark Templar x2  
  55  6:03  Pylon  
  61  6:05  Pylon  
  61  6:07  Nexus  
  61  6:08  Pylon  
  61  6:11  Probe  
  62  6:14  Pylon  
  62  6:21  Probe  
  62  6:23  Probe  
  64  6:32  Dark Templar x2  
  68  6:33  Dark Templar  
  68  6:34  Zealot  
  68  6:35  Probe x2  
  68  6:37  Dark Templar x2  
  68  6:38  Adept x2  
  69  6:42  Immortal (Chrono Boost)  
  71  6:47  Probe x2  
  71  6:48  Forge  
  71  6:49  Forge  
  71  6:50  Charge (Chrono Boost)  
  71  6:57  Gateway  
  71  6:59  Gateway, Probe  
  71  7:00  Archon  
  72  7:14  Dark Templar x2  
  76  7:16  Protoss Ground Weapons Level 1 (Chrono Boost), Shield Battery, Protoss Ground Armor Level 1 (Chrono Boost)  
  76  7:17  Shield Battery  
  76  7:23  Probe  
  76  7:24  Probe x2  
  76  7:27  Dark Templar, Archon  
  81  7:34  Assimilator  
  81  7:36  Assimilator  
  83  7:39  Gateway x2  
  83  7:42  Archon  
  81  7:46  Robotics Bay  
  81  7:49  Zealot, Robotics Facility  
  83  7:58  Dark Templar  
  83  8:00  Zealot x2  
  83  8:01  Zealot x2  
  93  8:11  Immortal (Chrono Boost)  
  97  8:14  Pylon  
  95  8:31  Adept  
  95  8:32  Adept  
  99  8:35  Disruptor (Chrono Boost)  
  99  8:40  Pylon  
  102  8:43  Pylon x2  
  102  8:45  Disruptor (Chrono Boost)  
  105  8:55  Stalker x3  
  111  8:57  Zealot x3  
  112  9:09  Stalker x2  
Show
View Real Time Build Order
Export as new Build Order

Namshar Zerg - Winner!

Build Orders: Hatch First 

Get SALT Encoding   

  12  0:00  Drone  
  13  0:12  Overlord  
  13  0:16  Drone  
  14  0:30  Drone  
  14  0:31  Drone  
  16  0:48  Hatchery  
  15  0:51  Drone  
  15  0:55  Drone  
  17  0:58  Drone  
  18  1:09  Extractor  
  17  1:14  Spawning Pool  
  17  1:17  Drone  
  17  1:20  Drone  
  18  1:28  Drone  
  19  1:39  Drone  
  20  1:50  Drone  
  20  1:53  Hatchery  
  20  2:00  Queen  
  22  2:02  Drone  
  22  2:06  Zergling x2  
  24  2:12  Overlord  
  24  2:19  Metabolic Boost  
  24  2:26  Queen  
  26  2:31  Drone  
  26  2:35  Zergling x2  
  28  2:38  Drone x2  
  30  2:44  Queen  
  30  2:47  Drone  
  30  2:50  Overlord  
  33  2:55  Drone  
  33  2:56  Drone  
  35  3:00  Overlord  
  35  3:08  Drone x3  
  38  3:13  Queen  
  38  3:18  Drone x2  
  42  3:22  Drone  
  42  3:26  Drone  
  46  3:27  Drone x2  
  46  3:37  Roach Warren  
  46  3:38  Overlord  
  46  3:40  Extractor, Drone x2  
  46  3:44  Drone x2  
  48  3:49  Drone  
  48  3:50  Overlord  
  48  3:52  Overlord  
  49  4:04  Overlord  
  49  4:08  Drone x2  
  51  4:12  Queen  
  51  4:17  Roach x5  
  61  4:23  Spore Crawler  
  62  4:24  Spore Crawler  
  62  4:25  Spore Crawler  
  60  4:34  Zergling x8  
  60  4:35  Zergling x6  
  66  4:45  Overlord  
  66  4:47  Zergling x6  
  66  4:48  Zergling x4  
  71  5:03  Drone  
  72  5:12  Drone  
  72  5:13  Drone x4  
  76  5:19  Drone x9  
  84  5:23  Overlord x2  
  84  5:28  Lair  
  83  5:34  Drone x4  
  75  5:54  Drone x3  
  75  5:55  Drone x6  
  84  5:59  Queen  
  84  6:00  Drone x6  
  92  6:04  Evolution Chamber, Overlord  
  92  6:09  Extractor  
  90  6:12  Overlord  
  90  6:13  Drone x2  
  90  6:16  Extractor  
  90  6:17  Extractor  
  90  6:27  Drone x6  
  90  6:28  Overseer  
  96  6:36  Drone  
  96  6:39  Roach x6  
  101  6:47  Drone x2  
  102  6:54  Hatchery  
  102  6:56  Glial Reconstitution  
  102  6:58  Extractor  
  102  6:59  Spire  
  99  7:01  Drone x6  
  99  7:05  Zerg Missile Weapons Level 1  
  105  7:16  Overseer  
  105  7:18  Spore Crawler  
  105  7:20  Overlord x4  
  105  7:21  Queen  
  106  7:25  Overlord x2  
  106  7:29  Drone x4  
  110  7:35  Drone x2  
  112  7:46  Roach x6  
  112  7:47  Spore Crawler  
  112  7:48  Extractor  
  112  7:50  Queen  
  124  7:53  Extractor  
  123  7:59  Zergling x2  
  123  8:00  Zergling x4  
  126  8:08  Queen  
  126  8:11  Mutalisk x10  
  147  8:32  Hatchery  
  147  8:33  Drone  
  147  8:34  Roach x8  
  147  8:35  Zergling x2, Baneling Nest  
  147  8:36  Zergling x2  
  164  8:48  Zergling x18  
  172  8:59  Ravager x2  
  172  9:00  Ravager  

Tags
 
Add a new tag
Caveats
  • Supply blocks, unpowered buildings, or Contaminate may cause inaccurate times.
  • Supply counts are checked every 10 seconds.